 Dungeon Crawl Stone Soup version 0.29.0-11-gd7f09526c8 (webtiles) character file.

Game seed: 2284395508568974765

930 Arcadio the Covert (level 7, -3/36 HPs)
             Began as a Vampire Necromancer on Sept 3, 2022.
             Slain by a killer bee (6 damage)
             ... on level 4 of the Dungeon.
             The game lasted 00:24:48 (5632 turns).

Arcadio the Covert (Vampire Necromancer)            Turns: 5632, Time: 00:24:50

Health: -3/36      AC:  5    Str:  5 (7)  XL:     7   Next: 86%
Magic:  2/14       EV: 11    Int: 23 (25) God:
Gold:   225        SH:  0    Dex: 13 (15) Spells: 8/16 levels left

rFire   + . .      SeeInvis +   v - +4 short sword (venom)
rCold   + . .      Faith    +   (no shield)
rNeg    + + +      Spirit   .   d - +0 leather armour
rPois   ∞          Reflect  .   h - +0 helmet
rElec   .          Harm     .   w - +0 cloak
rCorr   .          Rampage  .   (no gloves)
Will    .....                   (no boots)
Stlth   ++++++....              n - amulet of faith
HPRegen 0.00/turn               m - ring of fire
MPRegen 0.14/turn               x - +6 ring of intelligence

@: bloodless, inhibited regen
A: bloodless, fangs 3, see invisible, vampiric 2
a: Bat Form, Revivify


You were on level 4 of the Dungeon.
You visited 1 branch of the dungeon, and saw 5 of its levels.

You collected 348 gold pieces.
You spent 123 gold pieces at shops.

Inventory:

Hand Weapons
 e - a +0 club
 f - a +0 whip
 k - a +0 dagger
 o - a +0 rapier
 v - a +4 short sword of venom (weapon)
 B - a +3 vampiric scythe
Missiles
 I - a throwing net
Armour
 a - a +0 robe
 d - a +0 leather armour (worn)
 h - a +0 helmet (worn)
 p - a +4 chain mail
 w - a +0 cloak (worn)
Jewellery
 g - an amulet of regeneration
 m - a ring of fire (left hand)
 n - an amulet of faith (around neck)
 x - a +6 ring of intelligence (right hand)
 C - a ring of poison resistance
Wands
 J - a wand of roots (11)
Scrolls
 c - 2 scrolls of teleportation {unknown}
 j - 2 scrolls of immolation {unknown}
 l - 2 scrolls of blinking {unknown}
 q - a scroll of fog {unknown}
 s - a scroll of magic mapping
 u - a scroll of amnesia {unknown}
 y - a scroll of poison {unknown}
 A - a scroll of enchant armour {unknown}
 D - a scroll of brand weapon {unknown}
 E - 3 scrolls of identify
Potions
 b - 2 potions of magic
 i - 3 potions of curing
 r - 2 potions of lignification
 t - a potion of degeneration {unknown}
 z - a potion of resistance {unknown}
 F - a potion of haste {unknown}
 G - a potion of might {unknown}
 H - a potion of mutation {unknown}


   Skills:
 - Level 2.1 Dodging
 + Level 8.6 Stealth
 + Level 5.1 Spellcasting
 + Level 7.1 Necromancy


You had 8 spell levels left.
You knew the following spells:

 Your Spells              Type           Power      Damage    Failure   Level
a - Necrotise             Necr           100%       1d9       1%          1
b - Vampiric Draining     Necr           39%        2d8       2%          3
c - Animate Dead          Necr           39%        N/A       9%          4

Your spell library contained the following spells:

 Spells                   Type           Power      Damage    Failure   Level
 Agony                    Necr           39%        N/A       22%         5


Dungeon Overview and Level Annotations

Branches:
Dungeon (5/15) Zot: 24368
 Temple: D:4-7

Altars:

Shops:
D:1 :   D:2 ?

Annotations:
D:5 2 transporters, Shym's ghost, novice TrGl


Innate Abilities, Weirdness & Mutations

You do not regenerate when monsters are visible.
You are frail without blood (-20% HP).
You can heal yourself when you bite living creatures.
You are immune to poison.
You have razor-sharp teeth.
You have supernaturally acute eyesight. (SInv)
You are afflicted with vampirism and can become a bat while bloodless.


Message History

Casting: Vampiric Draining (safe; 1% risk of failure)
Confirm with . or Enter, or press ? or * to list all spells.
You don't have enough magic to cast this spell.
You turn into a vampire bat.
Your +4 short sword of venom melds into your body.
Your +0 cloak melds into your body.
Your +0 helmet melds into your body.
Your +0 leather armour melds into your body.
Your ring of fire melds into your body.
Your +6 ring of intelligence melds into your body.
Your +4 short sword of venom stops dripping with poison.
You feel stupid.
You feel weakened.
You feel dopey.
You feel clumsy. The killer bee stings you. The iguana misses you.
The killer bee stings you!
* * * LOW HITPOINT WARNING * * *
You feel better. The killer bee misses you. The killer bee stings you.
* * * LOW HITPOINT WARNING * * *
Okay, then.
The killer bee closely misses you.
The killer bee attacks as you move away!
The killer bee barely misses you.
The killer bee attacks as you move away!
The killer bee completely misses you.
The killer bee attacks as you move away!
The killer bee closely misses you. The killer bee completely misses you.
There is a stone staircase leading up here.
The killer bee barely misses you. The killer bee misses you.
You fly upwards.
There is a stone staircase leading down here.
You feel less batty.
Your +4 short sword of venom unmelds from your body.
Your +0 cloak unmelds from your body.
Your +0 helmet unmelds from your body.
Your +0 leather armour unmelds from your body.
Your ring of fire unmelds from your body.
Your +6 ring of intelligence unmelds from your body.
Your +4 short sword of venom begins to drip with poison!
You feel more attuned to fire.
You feel clever. The killer bee stings you.
* * * LOW HITPOINT WARNING * * *
The killer bee stings you.
You die...

###########
######.........#########
#......................#
#......................###
#......................#..
#............##........#..
#..................#####..
#.........y..............#
#####....@...............#
#....................#
#....................#
######.....###............#
#........#.####...........#
#..........................
#..............###.#####...
#..............###.........
####............##.....#...


You could see a killer bee.

Vanquished Creatures
  Sigmund (D:4)
  2 phantoms
  A scorpion (D:5)
  2 killer bees (D:5)
  2 jellies
  3 hounds (D:5)
  An orc priest (D:3)
  Crazy Yiuf (D:3)
  2 iguanas
  2 orc wizards
  4 adders
  2 worms
  10 orcs
  7 ball pythons
  6 bats
  5 endoplasms
  2 giant cockroaches
  8 goblins
  7 hobgoblins
  4 jackals (D:4)
  3 quokkas
  4 frilled lizards
  4 kobolds
  9 rats
92 creatures vanquished.

Vanquished Creatures (collateral kills)
  A hound (D:4)
  An endoplasm (D:1)
  2 goblins
4 creatures vanquished.

Grand Total: 96 creatures vanquished

Notes
Turn   | Place    | Note
-------+----------+-------------------------------------------
     0 | D:1      | Arcadio the Vampire Necromancer began the quest for the
                  | Orb.
     0 | D:1      | Reached XP level 1. HP: 13/13 MP: 3/3
   242 | D:1      | Found Kaixko's Book Boutique.
   373 | D:1      | Reached XP level 2. HP: 13/15 MP: 3/5
  1310 | D:2      | Reached skill level 4 in Stealth
  1317 | D:2      | Gained mutation: You are afflicted with vampirism and can
                  | become a bat while bloodless. [Vampire growth]
  1317 | D:2      | Reached XP level 3. HP: 19/19 MP: 6/6
  1321 | D:2      | Learned a level 3 spell: Vampiric Draining
  1806 | D:2      | Reached skill level 5 in Necromancy
  1966 | D:2      | Reached XP level 4. HP: 19/24 MP: 6/8
  2038 | D:2      | Found Omufrea's Magic Scroll Emporium.
  2073 | D:2      | Bought a scroll of magic mapping for 97 gold pieces
  2073 | D:2      | Bought a scroll of identify for 26 gold pieces
  2358 | D:3      | Found a faded altar of an unknown god.
  2385 | D:3      | Reached skill level 5 in Stealth
  2863 | D:3      | Reached XP level 5. HP: 21/28 MP: 3/9
  3216 | D:3      | Found a runed translucent door.
  3217 | D:3      | Noticed Crazy Yiuf
  3226 | D:3      | Killed Crazy Yiuf
  3675 | D:4      | Noticed Sigmund
  3681 | D:4      | Learned a level 4 spell: Animate Dead
  3774 | D:4      | Noticed a phantom
  3990 | D:4      | Killed a phantom
  3991 | D:4      | Reached skill level 6 in Stealth
  3991 | D:4      | Reached XP level 6. HP: 11/32 MP: 11/11
  4333 | D:4      | Killed Sigmund
  4334 | D:4      | Reached skill level 7 in Stealth
  4626 | D:4      | Reached XP level 7. HP: 36/36 MP: 13/13
  4896 | D:5      | Entered Level 5 of the Dungeon
  5137 | D:5      | Reached skill level 8 in Stealth
  5472 | D:5      | Noticed Shym's ghost (novice TrGl)
  5474 | D:5      | Found a transporter.
  5500 | D:5      | Found a transporter.
  5587 | D:5      | Reached skill level 5 in Spellcasting
  5632 | D:4      | Slain by a killer bee

Illustrated notes

Levels and vault maps discovered:
D:1:      sevenhm_arrival_forest_fort_large_2, layout_basic, serial_shops, shop
D:2:      layout_basic, serial_shops, shop_coins
D:3:      layout_loops_cross, hellmonk_ecumenical_altar_crossroads,
          uniq_crazy_yiuf_cottage
D:4:      layout_basic, kennysheep_generic_room_10, uniq_sigmund
D:5:      layout_rooms, gammafunk_ghost_arena, minmay_holes

Skill      XL: |  1  2  3  4  5  6  7 |
---------------+----------------------+-----
Stealth        | 4 5 6 7 8 |  8.6
Necromancy     | 5 6 7 |  7.1
Spellcasting   | 3 4 5 |  5.1
Dodging        | |  2.1

Action                   |  1- 3 |  4- 6 |  7- 9 || total
-------------------------+-------+-------+-------++-------
Melee: Whip              |    23 |       |       ||    23
       Bite              |     3 |     2 |     6 ||    11
       Dagger            |    34 |    25 |       ||    59
       Short sword       |       |    15 |    36 ||    51
 Cast: Necrotise         |    42 |    38 |    11 ||    91
       Vampiric Draining |       |     3 |    13 ||    16
 Abil: Exsanguinate      |     1 |       |       ||     1
       End Transformatio |       |     1 |     1 ||     2
       Bat Form          |       |     1 |     1 ||     2
  Use: Scroll            |       |     2 |       ||     2
       Potion            |       |       |     1 ||     1
 Stab: Sleeping          |    15 |    12 |     3 ||    30
Armor: Leather armour    |    18 |     5 |    17 ||    40
Dodge: Dodged            |    35 |    19 |    32 ||    86
